 Dungeon Sprint DCSS version 0.22.1-2-g9c5b331 (webtiles) character file.

1217 diana the Basher (level 8, -1/56 HPs)
             Began as a Gargoyle Fighter on Dec 25, 2018.
             Slain by a spatial vortex (3 damage)
             ... in the Dungeon (Sprint III: "The Ten Rune Challenge").
             The game lasted 00:02:24 (1284 turns).

diana the Basher (Gargoyle Fighter)                 Turns: 1284, Time: 00:02:24

Health: -1/56      AC: 17    Str: 23    XL:     8   Next: 46%
Magic:  8/8        EV: 11    Int:  9    God:
Gold:   32         SH: 11    Dex:  8    Spells: 7/7 levels left

rFire    . . .     SeeInvis .   a - +0 flail
rCold    . . .     Gourm    .   c - +0 shield
rNeg     + . .     Faith    .   b - +0 scale mail
rPois    ∞         Spirit   .   (no helmet)
rElec    +         Reflect  .   g - +0 cloak
rCorr    .         Harm     .   (no gloves)
MR       .....     NoTele   +   (no boots)
Stlth    ..........             (no amulet)
HPRegen  0.18/turn              (no ring)
MPRegen  0.11/turn              (no ring)

@: no status effects
A: iridescent scales 1, clumsy 1, high mp 1, negative energy resistance 1,
electricity resistance, strong 1, unbreathing, petrification resistance, rot
immunity, AC +5
a: no special abilities


You were in the Dungeon.
You were hungry.

You visited 1 branch You collected 32 gold pieces.

Inventory:

Hand Weapons
 a - a +0 flail (weapon)
Armour
 b - a +0 scale mail (worn)
 c - a +0 shield (worn)
 g - a +0 cloak (worn)
Wands
 j - a wand of disintegration (9)
Scrolls
 k - a scroll of blinking
 m - a scroll of torment {unknown}
 n - 3 scrolls of enchant weapon {unknown}
 o - a scroll of remove curse {unknown}
 q - a scroll of holy word {unknown}
Potions
 e - a potion of curing
 h - a potion of haste
 i - 2 potions of magic
 l - 4 potions of mutation
 p - 3 potions of flight
Comestibles
 f - 4 rations


   Skills:
 + Level 8.9 Fighting
 * Level 10.7 Maces & Flails
 + Level 8.8 Armour
 + Level 6.1 Dodging
 + Level 8.9 Shields


You had 7 spell levels left.
You didn't know any spells.
Your spell library contained the following spells:

 Spells                   Type           Power        Failure   Level  Hunger
 Magic Dart               Conj           #...         89%         1    ##.....
 Blink                    Tloc           N/A          96%         2    ###....
 Call Imp                 Summ           #.......     96%         2    ###....
 Slow                     Hex            #.......     96%         2    ###....
 Conjure Flame            Conj/Fire      #.......     99%         3    ####...
 Mephitic Cloud           Conj/Pois/Air  #.......     99%         3    ####...


Dungeon Overview and Level Annotations

Branches:
Dungeon (1/1)

Altars:
Cheibriados
Dithmenos
Elyvilon
Fedhas
Gozag
Hepliaklqana
Kikubaaqudgha
Makhleb
Nemelex Xobeh
Okawaru
Qazlal
Ru
Sif Muna
Trog
Uskayaw
Vehumet
Wu Jian
Xom
Yredelemnul
Zin
The Shining One
Beogh
Jiyva
Lugonu


Innate Abilities, Weirdness & Mutations

You are resistant to torment.
Your stone body is resilient. (AC +5)
You are immune to poison.
You resist negative energy. (rN+)
You are resistant to electric shocks. (rElec)
You can survive without breathing.
You are immune to petrification.
You are immune to rotting.
You are partially covered in iridescent scales. (AC +2)
You are clumsy. (Dex -2)
You have an increased reservoir of magic. (+10% MP)
Your muscles are strong. (Str +2)


Message History

You sock the spatial vortex!
The spatial vortex is almost destroyed.
There is a hazy altar of Hepliaklqana here.
The spatial vortex hits you!
You hit the spatial vortex.
The spatial vortex is almost destroyed.
You barely miss the spatial vortex.
The spatial vortex is almost destroyed.
You are too injured to fight recklessly!
You are too injured to fight recklessly!
You are too injured to fight recklessly!
You hit the spatial vortex.
The spatial vortex is almost destroyed.
The spatial vortex barely misses you.
You hit the spatial vortex but do no damage.
The spatial vortex is almost destroyed.
The spatial vortex hits you!
* * * LOW HITPOINT WARNING * * *
Space bends around you.
You die...

...#####..#___#___#__#
....#..#..#...#__.#._#
#...#..#..###'#)###)##
##[.##'#..#..........#
##..###...'.⌠).......#
#..####...#...######'#
#..###....#.⌠.#__#...#
...##.....#...#_v#...#
...#......#)###_@#...#
.##.#.....#...#__#...+
.#####....#___#__'...#
▓▓ ▓▓▓▓▓▓▓▓▓▓▓▓▓▓▓▓▓


You could see a spatial vortex.

Vanquished Creatures
  A deep elf mage (D)
  A shadow (D)
  A necrophage (D)
  A water elemental (D)
  A scorpion (D)
  A jelly (D)
  A wizard (D)
  Jessica (D)
  A necromancer (D)
  3 humans (D)
  A kobold demonologist (D)
  2 oozes (D)
  A rat (D)
16 creatures vanquished.

Vanquished Creatures (others)
  2 draconian scorchers (D)
  A hydra (D)
  6 hellions (D)
  A yaktaur (D)
  A plant (D)
11 creatures vanquished.

Grand Total: 27 creatures vanquished

Notes
Turn   | Place    | Note
-------+----------+-------------------------------------------
     0 | D        | diana the Gargoyle Fighter began the quest for the Orb.
     0 | D        | Reached XP level 1. HP: 14/14 MP: 1/1
    12 | D        | Reached skill level 3 in Maces & Flails
    12 | D        | Reached skill level 1 in Dodging
    12 | D        | Reached XP level 2. HP: 19/20 MP: 2/2
    38 | D        | Noticed Jessica
    46 | D        | Killed Jessica
    46 | D        | Reached skill level 4 in Maces & Flails
    46 | D        | Reached XP level 3. HP: 18/24 MP: 3/3
    93 | D        | Killed a hellion
    94 | D        | Killed a hellion
   117 | D        | Killed a hellion
   117 | D        | Killed a hellion
   121 | D        | Killed a hellion
   159 | D        | Killed a white draconian scorcher
   189 | D        | Killed a white draconian scorcher
   200 | D        | Killed a yaktaur
   204 | D        | Killed a hellion
   236 | D        | Killed a five-headed hydra
   409 | D        | Noticed a scorpion
   417 | D        | Killed a scorpion
   417 | D        | Reached skill level 5 in Fighting
   417 | D        | Reached skill level 5 in Maces & Flails
   417 | D        | Reached skill level 5 in Armour
   417 | D        | Reached skill level 5 in Shields
   417 | D        | Reached XP level 4. HP: 17/31 MP: 4/4
   432 | D        | Gained mutation: You are partially covered in iridescent
                  | scales. (AC +2) [potion of mutation]
   432 | D        | Gained mutation: You are clumsy. (Dex -2) [potion of
                  | mutation]
   432 | D        | Gained mutation: Your muscles are strong. (Str +2) [potion
                  | of mutation]
   432 | D        | Gained mutation: You have an increased reservoir of magic.
                  | (+10% MP) [potion of mutation]
   554 | D        | Noticed a water elemental
   562 | D        | Killed a water elemental
   562 | D        | Reached skill level 6 in Maces & Flails
   562 | D        | Reached XP level 5. HP: 26/36 MP: 5/5
   646 | D        | Found a radiant altar of Vehumet.
   646 | D        | Found a deep blue altar of Sif Muna.
   646 | D        | Found an ancient bone altar of Kikubaaqudgha.
   652 | D        | Noticed an orange demon
   653 | D        | Noticed a soul eater
   670 | D        | Reached skill level 7 in Maces & Flails
   914 | D        | Found a glowing silver altar of Zin.
   916 | D        | Found a glowing golden altar of the Shining One.
   916 | D        | Found a white marble altar of Elyvilon.
   916 | D        | Noticed a deep elf mage
   931 | D        | Killed a deep elf mage
   931 | D        | Reached skill level 9 in Maces & Flails
   931 | D        | Reached skill level 5 in Dodging
   931 | D        | Reached XP level 6. HP: 38/44 MP: 6/6
   931 | D        | Reached XP level 7. HP: 42/48 MP: 7/7
   938 | D        | Found a hide-covered altar of Uskayaw.
   938 | D        | Found a roughly hewn altar of Beogh.
   938 | D        | Found an iron altar of Okawaru.
   938 | D        | Found a bloodstained altar of Trog.
   938 | D        | Found an ornate altar of the Wu Jian Council.
   938 | D        | Noticed a human
   938 | D        | Noticed a human
   954 | D        | Killed a human
   960 | D        | Killed a human
   960 | D        | Reached skill level 10 in Maces & Flails
   960 | D        | Reached XP level 8. HP: 35/55 MP: 8/8
  1069 | D        | Found a basalt altar of Yredelemnul.
  1069 | D        | Found a shadowy altar of Dithmenos.
  1069 | D        | Found a sacrificial altar of Ru.
  1112 | D        | Noticed a shadow
  1145 | D        | Killed a shadow
  1269 | D        | Found a blossoming altar of Fedhas.
  1269 | D        | Found a stormy altar of Qazlal.
  1269 | D        | Found a snail-covered altar of Cheibriados.
  1269 | D        | Found a burning altar of Makhleb.
  1269 | D        | Found a shimmering altar of Xom.
  1270 | D        | Found a hazy altar of Hepliaklqana.
  1270 | D        | Found an opulent altar of Gozag.
  1270 | D        | Found a sparkling altar of Nemelex Xobeh.
  1270 | D        | Found a corrupted altar of Lugonu.
  1270 | D        | Found a viscous altar of Jiyva.
  1284 | D        | HP: 2/56 [spatial vortex (15)]
  1284 | D        | Slain by a spatial vortex

Skill      XL: |  1  2  3  4  5  6  7  8 |
---------------+-------------------------+-----
Maces & Flails | 3 4 5 6 9 10 | 10.7
Dodging        | 1 2 3 5 6 |  6.1
Fighting       | 4 5 7 8 |  8.9
Armour         | 4 5 7 8 |  8.8
Shields        | 4 5 7 8 |  8.9

Action                   |  1- 3 |  4- 6 |  7- 9 || total
-------------------------+-------+-------+-------++-------
Melee: Flail             |    51 |    40 |    72 ||   163
  Use: Potion            |       |     4 |       ||     4
  Eat: Chunk             |       |       |     1 ||     1
Armor: Scale mail        |    16 |    14 |    17 ||    47
Dodge: Dodged            |    14 |    10 |    18 ||    42
Block: Shield            |    20 |    19 |    21 ||    60
